 Dungeon Crawl Stone Soup version 0.30.0-29-ga12c61a403 (webtiles) character file.

Game seed: 10816665290591609851

399 monsoonserge the Shooter (level 7, 0/52 HPs)
             Began as a Formicid Hunter on June 4, 2023.
             Was a Believer of Fedhas.
             Slain by an orc
             ... wielding a +0 dagger
              (3 damage)
             ... on level 4 of the Dungeon.
             The game lasted 00:08:50 (2668 turns).

monsoonserge the Shooter (Formicid Hunter)          Turns: 2668, Time: 00:08:51

Health: 0/52       AC:  6    Str: 16    XL:     7   Next: 10%
Magic:  7/7        EV: 10    Int:  8    God:    Fedhas [**....]
Gold:   175        SH:  0    Dex: 19    Spells: 6/6 levels left

rFire   . . .        a - +0 shortbow
rCold   . . .        (no shield)
rNeg    . . .        m - +0 scale mail
rPois   .            (helmet unavailable)
rElec   .            (no cloak)
rCorr   .            (no gloves)
SInv    +            (no boots)
Will    .....        (no amulet)
Stlth   +            (no ring)
HPRegen 0.28/turn    (no ring)
MPRegen 0.10/turn

%: no passive effects
@: no status effects
A: permanent stasis, dig shafts and tunnels, antennae 3, four strong arms
a: Dig, Shaft Self, Renounce Religion, Wall of Briars


You were on level 4 of the Dungeon.
You worshipped Fedhas.
Fedhas was pleased with you.
You visited 1 branch of the dungeon, and saw 4 of its levels.

You collected 175 gold pieces.

Inventory:

Hand Weapons
 a - a +0 shortbow (weapon)
 s - a +0 heavy war axe
 t - a +0 rapier of holy wrath
Missiles
 e - 2 atropa-tipped darts
 r - 2 boomerangs
Armour
 c - a +0 leather armour
 g - a +0 ring mail
 h - a +0 chain mail
 m - a +0 scale mail (worn)
Scrolls
 b - 3 scrolls of immolation
 f - a scroll of teleportation {unknown}
 i - a scroll of poison {unknown}
 j - 3 scrolls of identify {unknown}
 l - a scroll of brand weapon {unknown}
 p - a scroll of enchant weapon {unknown}
 q - a scroll of enchant armour {unknown}
Potions
 d - a potion of experience {unknown}
 k - a potion of curing {unknown}
 n - a potion of might {unknown}
 o - a potion of haste {unknown}
 u - a potion of berserk rage {unknown}
 v - a potion of attraction {unknown}


   Skills:
 + Level 3.0 Fighting
 * Level 7.1 Ranged Weapons
 * Level 2.6 Armour
 + Level 1.8 Dodging
 + Level 1.4 Stealth


You had 6 spell levels left.
You didn't know any spells.
Your spell library contained the following spells:

 Spells                   Type           Power      Damage    Failure   Level
 Sublimation of Blood     Necr           0%         N/A       93%         2
 Wereblood                Tmut           0%         N/A       93%         2
 Call Canine Familiar     Summ           0%         N/A       99%         3
 Portal Projectile        Hex/Tloc       0%         N/A       99%         3
 Animate Dead             Necr           0%         N/A       100%        4
 Leda's Liquefaction      Hex/Erth       0%         N/A       100%        4
 Haunt                    Necr/Summ      0%         N/A       100%        7
 Summon Hydra             Summ           0%         N/A       100%        7
 Infestation              Necr           0%         N/A       100%        8


Dungeon Overview and Level Annotations

Branches:
Dungeon (4/15)
 Temple: D:4-7

Altars:
Dithmenos
Fedhas
Gozag
Sif Muna


Innate Abilities, Weirdness & Mutations

You cannot be hasted, slowed, berserked, paralysed or teleported.
You can dig through walls and to a lower floor.
You have a pair of large antennae on your head. (SInv)
Your four strong arms can wield two-handed weapons with a shield.


Message History

Okay, then.
You shoot an arrow.
The arrow closely misses the orc wizard.
The orc hits you with a +0 dagger. The orc wizard barely misses you.
You shoot an arrow. The arrow hits the orc wizard!
The orc wizard is heavily wounded.
The orc wizard casts a spell at you. The magic dart hits you!
The orc hits you with a +0 dagger.
The orc wizard hits you but does no damage.
The orc closely misses you.
You shoot an arrow. The arrow barely misses the orc wizard.
The orc barely misses you. The orc wizard closely misses you.
You shoot an arrow.
The arrow closely misses the orc wizard.
The orc wizard casts a spell at you. The magic dart hits you.
The orc hits you but does no damage.
You shoot an arrow. The arrow hits the orc wizard.
The orc wizard is heavily wounded.
The orc wizard closely misses you. The orc hits you but does no damage. x2
The orc wizard hits you but does no damage.
You shoot an arrow. The arrow hits the orc wizard.
The orc wizard is almost dead.
The orc wizard hits you with a +0 dagger.
* * * LOW HITPOINT WARNING * * *
The orc hits you with a +0 dagger.
* * * LOW HITPOINT WARNING * * *
You shoot an arrow. The arrow hits the orc wizard.
The orc wizard is almost dead.
The orc wizard hits you with a +0 dagger.
* * * LOW HITPOINT WARNING * * *
The orc hits you with a +0 dagger.
* * * LOW HITPOINT WARNING * * *
You shoot an arrow.
The arrow closely misses the orc wizard.
The orc wizard gestures at you while chanting.
The puff of flame hits you!
* * * LOW HITPOINT WARNING * * *
The orc hits you with a +0 dagger.
You die...
Fedhas appreciates your contribution to the ecosystem.

###########
............
............
o.........
.).....
#...#
###.o)#
#<..o@+
#.....#
##....#
#....#
#.....#
#.....#
##....#
#+#### { {


You could see an orc wizard (invisible) and an orc.

Vanquished Creatures
  Grinder (D:3)
  2 orc priests (D:4)
  An orc wizard (D:4)
  8 adders
  A dart slug (D:1)
  2 orcs
  8 endoplasms
  5 giant cockroaches
  A goblin (D:2)
  3 hobgoblins
  7 jackals (D:3)
  3 quokkas (D:1)
  5 ball pythons
  5 bats
  6 kobolds
  4 rats
62 creatures vanquished.

Notes
Turn   | Place    | Note
-------+----------+-------------------------------------------
     0 | D:1      | monsoonserge the Formicid Hunter began the quest for the
                  | Orb.
     0 | D:1      | Reached XP level 1. HP: 16/16 MP: 1/1
   116 | D:1      | Reached XP level 2. HP: 23/23 MP: 2/2
   413 | D:1      | Reached XP level 3. HP: 28/28 MP: 3/3
   788 | D:1      | Found a shadowy altar of Dithmenos.
   928 | D:2      | Reached skill level 1 in Armour
  1028 | D:2      | Reached skill level 5 in Ranged Weapons
  1028 | D:2      | Reached XP level 4. HP: 34/34 MP: 4/4
  1778 | D:3      | Noticed Grinder
  1793 | D:3      | Killed Grinder
  1794 | D:3      | Reached skill level 6 in Ranged Weapons
  1794 | D:3      | Reached XP level 5. HP: 31/40 MP: 5/5
  1794 | D:3      | Reached XP level 6. HP: 35/46 MP: 6/6
  1984 | D:3      | Found a faded altar of an unknown god.
  1996 | D:3      | Prayed at the altar of an unknown god.
  1996 | D:3      | Became a worshipper of Fedhas Madash
  1996 | D:3      | Reached * piety under Fedhas
  2329 | D:3      | Found an opulent altar of Gozag.
  2537 | D:4      | Found a shimmering blue altar of Sif Muna.
  2655 | D:4      | Reached skill level 7 in Ranged Weapons
  2655 | D:4      | Reached XP level 7. HP: 42/52 MP: 7/7
  2660 | D:4      | Reached ** piety under Fedhas
  2668 | D:4      | Slain by an orc

Illustrated notes

Levels and vault maps discovered:
D:1:      dpeg_arrival_water_altar, layout_basic, nrook_mini_backslash,
          minmay_hexomino_f4
D:2:      layout_basic, serial_co_window_serial, co_window_paths_b,
          co_window_paths_a, co_window_corner_a, co_window_corner_a,
          co_window_paths_a, co_window_corner_ca, co_window_unsneaky_path_c,
          co_window_paths_c, co_window_2corner, co_window_corner_b,
          co_window_cross_3, co_window_4corner_b, glass_columns_b,
          glass_columns_b, glass_columns_b, glass_columns_b, glass_columns_b
D:3:      layout_basic, nicolae_gozag_cash_rules_everything_around_me,
          shapermc_ecumenical_altar_mp_urbaneastern, uniq_grinder
D:4:      layout_gridville, nicolae_sif_muna_condensation,
          minmay_temple_entry_sparse_star, nicolae_ossuary_entry_ruins,
          wad_rectangle_vault, uniq_sigmund, uniq_natasha

Skill      XL: |  1  2  3  4  5  6 |
---------------+-------------------+-----
Armour         | 1 2 |  2.6
Ranged Weapons | 5 6 7 |  7.1
Fighting       | 3 |  3.0
Dodging        | |  1.8
Stealth        | |  1.4

Action                     |  1- 3 |  4- 6 |  7- 9 || total
---------------------------+-------+-------+-------++-------
   Fire: Shortbow          |    68 |   117 |    14 ||   199
Ability: Dig               |     2 |       |       ||     2
 Armour: Leather armour    |     1 |       |       ||     1
         Ring mail         |     8 |       |       ||     8
         Scale mail        |     6 |    37 |     9 ||    52
  Dodge: Dodged            |    14 |    41 |     9 ||    64
